Map: Dusk Towers

Players

Grey - Winner!

  • Race: Terran Terran
  • League: Master

Miszu

  • Race: Terran Terran
  • League: Master

VOD

Have the link to the VOD?

Description

Time

  • Played on: March 14, 2016, 5:52 p.m.
  • Length: 13:11
Show
View Real Time Build Order
Export as new Build Order

Grey Terran - Winner!

Build Orders: Reaper Expand, Bio Tank 

Get SALT Encoding   

  12  0:01  SCV  
  13  0:13  SCV  
  14  0:18  Supply Depot  
  14  0:25  SCV  
  15  0:39  SCV  
  15  0:41  Barracks  
  16  0:44  Refinery  
  16  0:51  SCV  
  17  1:03  SCV  
  18  1:16  SCV  
  19  1:28  Reaper, Orbital Command  
  20  1:50  Command Center  
  21  1:54  SCV  
  21  2:01  Supply Depot  
  21  2:03  Marine  
  21  2:06  SCV  
  23  2:16  Factory  
  24  2:22  SCV  
  24  2:27  Marine  
  25  2:33  Refinery  
  25  2:35  SCV  
  26  2:47  SCV  
  27  2:59  SCV  
  27  3:04  Marine, Factory Tech Lab  
  28  3:06  Orbital Command  
  28  3:18  Starport  
  28  3:20  Command Center  
  28  3:22  SCV  
  29  3:28  Marine  
  29  3:32  SCV  
  29  3:34  SCV  
  32  3:35  Widow Mine  
  34  3:44  SCV  
  34  3:45  Marine  
  34  3:46  Refinery, SCV  
  37  3:54  Supply Depot  
  37  3:56  Medivac  
  37  3:57  SCV  
  37  3:58  SCV  
  41  4:09  SCV  
  43  4:10  Barracks Reactor, SCV  
  43  4:11  Cyclone  
  46  4:21  SCV  
  46  4:22  Barracks  
  47  4:26  Viking  
  49  4:31  SCV  
  49  4:35  Orbital Command  
  49  4:36  SCV  
  51  4:43  Siege Tank, SCV  
  55  4:47  Marine  
  55  4:48  Marine, SCV  
  55  4:56  SCV  
  55  5:05  Marine  
  55  5:06  Marine  
  48  5:11  SCV x2  
  48  5:14  SCV  
  46  5:22  Marine  
  46  5:23  Marine x2, SCV  
  46  5:26  SCV  
  46  5:27  SCV  
  51  5:35  SCV  
  49  5:37  Medivac  
  49  5:38  SCV  
  49  5:40  SCV  
  51  5:43  Marine x2, Barracks Tech Lab  
  51  5:47  SCV  
  54  5:51  SCV  
  55  6:02  SCV x2  
  56  6:04  Marine x3  
  56  6:07  SCV  
  57  6:12  Medivac  
  57  6:13  Siege Tank  
  57  6:14  SCV x2  
  57  6:16  Supply Depot  
  64  6:19  SCV, Stimpack  
  64  6:22  Marine  
  64  6:23  Orbital Command  
  66  6:26  Refinery, SCV  
  67  6:34  SCV  
  67  6:36  Marine, Barracks x2  
  67  6:37  Barracks  
  67  6:38  Marine  
  70  6:40  Marine  
  70  6:41  SCV  
  70  6:45  Supply Depot  
  72  6:51  Siege Tank  
  72  6:54  Starport Reactor, Marine  
  75  6:56  Marine  
  77  7:03  Supply Depot  
  77  7:06  Marine, SCV x3  
  81  7:10  Supply Depot x2  
  81  7:18  Engineering Bay, SCV x3  
  81  7:19  Engineering Bay  
  81  7:20  Marine  
  85  7:26  Siege Tank  
  88  7:30  SCV  
  89  7:40  SCV  
  89  7:41  SCV  
  90  7:46  Marine x2  
  82  7:53  SCV x2  
  82  7:56  SCV  
  83  7:58  Barracks Reactor  
  83  8:00  Barracks Reactor x2  
  83  8:05  SCV x2  
  82  8:06  Refinery  
  82  8:07  Siege Tank  
  82  8:09  Viking x2  
  89  8:14  Terran Infantry Weapons Level 1, Terran Infantry Armor Level 1, Marine  
  89  8:15  Marine, Barracks  
  89  8:16  SCV  
  89  8:17  Barracks x2  
  89  8:19  SCV  
  93  8:26  SCV, Missile Turret  
  94  8:27  Missile Turret  
  94  8:29  SCV, Missile Turret  
  94  8:30  Marine, Missile Turret  
  94  8:32  Marine  
  94  8:33  SCV  
  98  8:36  Marine x3  
  98  8:38  Marine, SCV  
  98  8:39  Marine  
  104  8:43  Combat Shields  
  104  8:44  Marine, SCV  
  104  8:46  SCV  
  107  8:48  Refinery  
  107  8:50  SCV  
  107  8:54  Marine x2  
  110  8:55  Marine x2  
  110  8:56  Marine  
  110  8:57  Medivac  
  110  8:58  Medivac  
  117  9:08  Barracks Reactor x3  
  117  9:11  Marine, Armory  
  117  9:12  Marine x2, Siege Tank  
  117  9:15  Supply Depot  
  117  9:16  Marine x2  
  125  9:17  Supply Depot  
  125  9:29  Supply Depot, Marine x4  
  125  9:30  Medivac x2  
  133  9:33  Marine  
  133  9:37  Marine  
  133  9:38  Marine x2  
  136  9:46  Marine x3  
  139  9:53  Supply Depot x2  
  139  9:55  Supply Depot, Missile Turret  
  139  9:56  Supply Depot  
  139  9:57  Supply Depot, Marine x3  
  139  9:58  Marine x6  
  148  10:00  Siege Tank  
  148  10:06  Terran Vehicle Weapons Level 1  
  148  10:07  Marine x3  
  154  10:14  Factory  
  154  10:15  Barracks Reactor  
  154  10:19  Medivac, Orbital Command  
  154  10:20  Medivac  
  154  10:21  Marine  
  159  10:23  Marine  
  159  10:31  Terran Infantry Weapons Level 2  
  159  10:32  Sensor Tower, Siege Tank  
  162  10:36  Terran Infantry Armor Level 2  
  162  10:38  Marine  
  162  10:42  Marine x2  
  165  10:43  Supply Depot  
  165  10:48  Marine x3  
  165  10:49  Marine x2  
  170  10:56  Marine x2  
  170  10:57  Marine x5  
  172  11:03  Marine x2  
  179  11:05  Refinery  
  179  11:06  Marine  
  179  11:07  Supply Depot, Refinery  
  180  11:13  Marine x2  
  180  11:15  Marine x2  
  180  11:16  Marine x4  
  180  11:18  Siege Tank  
  191  11:21  Medivac  
  191  11:22  Marine  
  194  11:27  Siege Tank  
  194  11:28  Marine  
  184  11:45  Marine x4  
  184  11:46  Marine x2  
  184  11:47  Marine x2  
  158  11:53  Marine  
  155  11:54  Marine x7  
  162  12:03  Marine x4, SCV x2  
  162  12:05  Marine x2  
  162  12:06  Marine  
  171  12:13  Viking x2  
  175  12:15  Marine x2  
  175  12:16  Marine x2  
  175  12:21  Marine x3  
  182  12:26  Marine x2  
  182  12:27  Marine x2  
  182  12:29  Missile Turret  
  186  12:35  Marine x3  
  186  12:36  Marine x2  
  191  12:41  Marine x3  
Show
View Real Time Build Order
Export as new Build Order

Miszu Terran 

Build Orders:  

Get SALT Encoding   

  12  0:01  SCV  
  13  0:13  SCV  
  14  0:18  Supply Depot  
  14  0:25  SCV  
  15  0:40  SCV  
  16  0:43  Barracks  
  16  0:45  Refinery  
  16  0:52  SCV  
  17  1:04  SCV  
  18  1:16  SCV  
  19  1:32  Orbital Command  
  19  1:33  Barracks Reactor  
  19  1:41  Command Center  
  19  1:48  Supply Depot  
  19  1:58  SCV  
  19  2:09  Marine x2  
  19  2:12  SCV  
  19  2:14  Factory  
  22  2:24  SCV  
  22  2:27  Marine x2  
  25  2:36  SCV  
  26  2:38  Supply Depot  
  26  2:46  Marine  
  26  2:48  SCV  
  27  3:00  SCV  
  27  3:03  Starport, Factory Tech Lab  
  27  3:04  Refinery  
  28  3:11  Marine  
  28  3:12  SCV  
  30  3:16  Orbital Command  
  30  3:24  SCV  
  31  3:31  Widow Mine  
  33  3:36  SCV  
  33  3:40  Medivac  
  36  3:42  SCV  
  36  3:47  Marine  
  36  3:48  Marine  
  38  3:49  SCV  
  38  3:54  Supply Depot, SCV  
  41  4:01  SCV  
  42  4:06  Siege Tank, SCV  
  46  4:13  SCV  
  46  4:14  Marine x2  
  46  4:15  Viking  
  51  4:18  SCV  
  52  4:24  Supply Depot  
  52  4:25  SCV  
  52  4:30  SCV  
  54  4:32  Marine x2  
  54  4:37  SCV  
  57  4:38  Siege Tank  
  57  4:42  SCV  
  61  4:50  Marine  
  62  4:57  Marine  
  62  4:58  Viking  
  62  4:59  SCV  
  61  5:07  SCV  
  61  5:08  Marine  
  63  5:23  Marine  
  63  5:25  Marine, Siege Tank, SCV  
  69  5:29  SCV  
  69  5:30  Command Center  
  61  5:37  SCV  
  61  5:38  Refinery  
  61  5:39  Starport Reactor, Refinery  
  61  5:41  Marine, Barracks, SCV  
  64  5:44  Supply Depot, Barracks  
  65  5:50  SCV  
  65  5:53  Supply Depot, SCV  
  62  6:08  SCV  
  60  6:11  SCV  
  60  6:12  Marine x2  
  63  6:20  SCV  
  63  6:25  SCV  
  65  6:30  Barracks  
  65  6:31  Barracks  
  65  6:32  SCV  
  66  6:34  Engineering Bay  
  66  6:36  Engineering Bay  
  66  6:38  SCV  
  66  6:39  Barracks Tech Lab x2  
  67  6:41  Marine x2  
  67  6:42  Orbital Command  
  67  6:44  SCV  
  70  6:51  SCV  
  71  6:58  Marine  
  71  6:59  Marine  
  71  7:00  Armory  
  71  7:01  SCV  
  74  7:04  Terran Infantry Weapons Level 1, Terran Infantry Armor Level 1  
  74  7:05  Combat Shields  
  74  7:06  Stimpack  
  74  7:11  Siege Tank, Orbital Command  
  74  7:14  Medivac  
  79  7:17  SCV  
  79  7:18  SCV  
  79  7:19  Supply Depot  
  79  7:21  Medivac  
  83  7:29  SCV  
  75  7:37  Marine x2  
  75  7:38  Marine x4  
  68  7:54  SCV x2  
  68  7:55  Marine x2  
  71  8:01  SCV  
  71  8:05  Marine  
  73  8:06  SCV x2  
  73  8:07  Barracks Reactor x2  
  73  8:08  Medivac x2  
  78  8:20  SCV  
  78  8:21  SCV x2  
  78  8:24  Supply Depot  
  78  8:25  Terran Vehicle Weapons Level 1  
  81  8:33  SCV x3  
  84  8:42  Supply Depot  
  84  8:45  SCV x3  
  84  8:46  Siege Tank  
  90  8:56  Refinery  
  90  8:57  Refinery, SCV x3  
  90  9:00  Terran Infantry Armor Level 2, Terran Infantry Weapons Level 2  
  93  9:03  Marine  
  93  9:09  SCV x3  
  97  9:13  Marine x2  
  97  9:15  Marine x5  
  104  9:17  Sensor Tower  
  104  9:21  Marine, SCV x3  
  108  9:24  Missile Turret  
  108  9:30  Sensor Tower  
  108  9:31  Marine x2  
  109  9:33  Marine, SCV x3  
  109  9:34  Marine x3  
  109  9:35  Marine  
  115  9:39  Marine  
  115  9:43  Supply Depot  
  115  9:44  Supply Depot  
  115  9:45  Siege Tank, SCV x3  
  121  9:47  Medivac  
  124  9:54  Missile Turret  
  124  9:56  Missile Turret x2  
  124  9:57  SCV  
  125  10:04  SCV  
  125  10:05  Supply Depot, Medivac  
  128  10:07  Supply Depot  
  128  10:15  Marine x3  
  128  10:16  Marine, Missile Turret  
  128  10:17  Missile Turret  
  128  10:18  Missile Turret  
  128  10:19  Marine  
  128  10:20  Marine x2  
  135  10:21  Marine  
  135  10:22  Siege Tank  
  139  10:31  Medivac  
  139  10:34  Factory  
  141  10:36  Supply Depot  
  141  10:44  Marine x6, Missile Turret  
  147  10:52  Missile Turret  
  147  10:53  Missile Turret x2  
  147  10:54  Siege Tank  
  150  11:06  Command Center  
  156  11:15  Medivac  
  156  11:18  Factory  
  100  11:51  Marine  
  100  11:52  Marine x3, Siege Tank  
  100  11:53  Marine  
  100  11:54  Marine x2  
  93  11:55  Medivac  
  93  11:56  Medivac  
  99  12:01  Marine  
  99  12:02  Factory Tech Lab  
  99  12:04  Factory Tech Lab  
  100  12:09  Marine  
  100  12:10  Marine x3  
  100  12:11  Marine  
  100  12:12  Marine  
  106  12:15  Marine  
  106  12:19  Marine  
  108  12:24  Siege Tank x2  
  108  12:25  Medivac, Siege Tank  
  108  12:27  Marine  
  108  12:28  Marine x3  
  108  12:29  Marine x2  
  124  12:33  Marine  
  126  12:37  Marine  
  126  12:42  Sensor Tower  
  127  12:45  Marine x4  
  127  12:46  Marine  
  127  12:47  Marine  
  127  12:50  Supply Depot  
  127  12:51  Supply Depot, Marine  
  133  12:52  Supply Depot  
Tags
 
Composition
Bio Tank
Matchup
TvT
Race
Terran
Add a new tag
Caveats
  • Supply blocks, unpowered buildings, or Contaminate may cause inaccurate times.
  • Supply counts are checked every 10 seconds.